rsa, neutral male human Tourist #### ### # ` --------------- ## # # ## .-..--#######..............| # # ###-....|## # |[............| # #|....|####?##..............| --------.---- ###-!...|# *|.<...........| ##+`..........| ###|....|# ----------+---- # |...:.`.....|Fd# ----.-# ## ####....-----.ooo)@########### # ####|...|.{.....|o ## ### ----- ------ #### |...|{.{|...|# ### # |...+####+....| # |...|.{.|...|# ############## |....####.....-## |...-----....# ------.-.------ |....####.....| |...........|# |.............| |...| |..... |...........|# |.............| |...| ------# -------------# |.>...........| ----- ########### |.............| |.............| --------------- rsa the Sightseer Experience level: 4 Strength: 10 Dexterity: 13 Constitution: 18 Intelligence: 13 Wisdom: 7 Charisma: 16 Health: 0(36) Energy: 6(6) Def: 1 Gold: 1750 Moves: 995 Dungeon seed: jfZbub6bTKJlbQRJ Game ID: rsa_1592766658 Your Inventory: Coins $ - 1750 gold pieces Weapons a - 22 uncursed +2 darts (in quiver) f - an uncursed +0 orcish dagger q - a cursed -1 orcish dagger w - 6 uncursed +0 ya y - 6 uncursed +0 darts z - 27 cursed +2 darts Armor e - an uncursed +0 Hawaiian shirt (being worn) r - an uncursed +0 pair of low boots (being worn) N - a cursed +0 Hawaiian shirt Comestibles b - 3 uncursed eggs d - 3 uncursed tripe rations s - 2 uncursed male yellow dragon eggs A - an uncursed cram ration C - a cursed egg D - 3 cursed food rations G - 2 cursed tins of green mold H - 2 cursed tins of lichen W - a cursed partly eaten slime mold Scrolls i - 3 uncursed scrolls of magic mapping J - an uncursed scroll of enchant armor K - 2 cursed scrolls of magic mapping S - an uncursed scroll of enchant weapon Spellbooks T - an uncursed spellbook of summoning Potions x - an uncursed potion of levitation U - an uncursed potion of water Rings t - an uncursed ring of poison immunity Tools c - a cursed leash k - an uncursed credit card l - an uncursed expensive camera (0:98) m - an uncursed leash n - an uncursed magic marker (0:0) o - an uncursed tin opener p - an uncursed towel L - an uncursed credit card M - a cursed expensive camera (0:37) O - an uncursed leash P - an uncursed magic marker (0:0) Q - a cursed tin opener R - a cursed towel Gems V - an uncursed worthless piece of orange glass Y - an uncursed worthless piece of yellowish brown glass Spells and supernatural/magical abilities: Name Level Category Cost Memory W - pray for help -- divine ? -- Your skills at the end: Fighting Skills wands [Basic] Weapon Skills dart [Basic] Spellcasting Skills Final Attributes: You were stridently aligned. You were held by a violet fungus. The Lady was noncommittal. You are dead. Vanquished creatures: 2 ghosts an imp a Mordor orc a little dog a kitten an iguana a killer bee 2 giant rats a gecko 2 foxes 2 kobolds 3 goblins 2 grid bugs a newt 21 creatures vanquished. Voluntary challenges: You were vegetarian. You were an atheist. You never hit with a wielded weapon. You read items or engraved 4 times, starting on turn 217. You never genocided any monsters. You never polymorphed an object. You never changed form. You used no wishes. You never split a pudding. You never wrote Elbereth's name. You violated your moral code, losing 21 points of alignment, starting on turn 861. Dungeon overview: The Dungeons of Doom: levels 1 to 6 Level 1 a fountain a long staircase Level 2 a long staircase Level 3 Level 4 Level 5 Level 6 <- You were here many fountains History has recorded: On T:1 you entered the Dungeons of Doom to retrieve the Amulet of Yendor! On T:221 you reached level 2 of The Dungeons of Doom. On T:398 you reached level 3 of The Dungeons of Doom. On T:593 you reached level 4 of The Dungeons of Doom. On T:635 you reached level 5 of The Dungeons of Doom. On T:776 you advanced to experience level 2. On T:835 you reached level 6 of The Dungeons of Doom. On T:878 you advanced to experience level 3. On T:962 you advanced to experience level 4. Score breakdown: Gold: 1340 (10638 points) Experience: 4 levels ( 9649 points) Exploration: 6 levels ( 12.50%) ( 9784 points) Discoveries: 1 item ( 0.33%) ( 1723 points) Valuables value: (no points given unless you survive) Artifact value: 0 ( 0 points) Variety of kills: 14 monsters ( 3.68%) ( 5758 points) Turncount: 995 turns ( 0 points) Survival: died (score multiplied by 80%) Total score: 30041 Latest messages: The dart hits the violet fungus! The dart hits the Uruk-hai. The dart hits the Uruk-hai. The dart misses the violet fungus. The dart hits the violet fungus. The Uruk-hai wields a crude bow! The crude bow welds itself to the Uruk-hai's hand! You are hit by a dart. You cannot escape from the violet fungus! The dart hits the violet fungus. The Uruk-hai thrusts her crude short sword at you. The Uruk-hai hits! The Uruk-hai shoots 2 poisoned crude arrows! You are hit by the 1st poisoned crude arrow. You hear the howling of the CwnAnnwn... You are hit by the 2nd poisoned crude arrow! You die... Final status: Aloha rsa the Tourist, killed by an orcish arrow... You died in The Dungeons of Doom on dungeon level 6 with 30041 points, and 1750 pieces of gold, after 995 moves. You were level 4 with a maximum of 36 hit points when you died.